 Dungeon Crawl Stone Soup version 0.30.1-4-g462c640d31 (webtiles) character file.

Game seed: 5188265530868811712

107006 2tc the Grappler (level 15, 0/149 HPs)
             Began as a Troll Transmuter on Aug 22, 2023.
             Was the Champion of the Shining One.
             Shot with an arrow by a naga sharpshooter (6 damage)
             ... led by Vashnia
             ... on level 2 of the Snake Pit on Aug 25, 2023.
             The game lasted 01:40:59 (23082 turns).

2tc the Grappler (Troll Transmuter)                Turns: 23082, Time: 01:41:00

Health: 0/149      AC:  9    Str: 19    XL:     15   Next: 99%
Magic:  13/22      EV: 12    Int: 18    God:    the Shining One [******]
Gold:   2599       SH:  0    Dex: 10    Spells: 12/24 levels left

rFire   + .          .
                       - Unarmed
rCold   + . .        (shield currently unavailable)
rNeg    + + +        t - +2 robe "Ullosaekh" {Regen+ Str-3 Int+3 Stlth+}
rPois   +            j - +1 hat of Gozag's Regard {rC+}
rElec   .            o - +0 cloak
rCorr   .            (gloves unavailable)
SInv    .            (boots unavailable)
Will    +....        H - amulet of regeneration
Stlth   +            K - ring of poison resistance
HPRegen 2.84/turn    S - ring of protection from fire
MPRegen 0.18/turn

%: no passive effects
@: blade hands, weakened, wereblooded, hasted, glowing, studying Staves, very
quick
A: large, unfitting armour, claws 3, regeneration 1, shaggy fur 1, tough skin 1
a: End Transformation, Renounce Religion, Divine Shield, Cleansing Flame, Summon
Divine Warrior, Brand Weapon With Holy Wrath


You were on level 2 of the Snake Pit.
You worshipped the Shining One.
The Shining One was exalted by your worship.
You had blades for hands.
You visited 5 branches of the dungeon, and saw 23 of its levels.
You also visited: Gauntlet and Ice Cave.

You collected 2613 gold pieces.
You spent 14 gold pieces at shops.

Inventory:

Missiles
 n - 2 throwing nets
 w - 20 poisoned darts
 x - 177 stones
 y - 3 curare-tipped darts
 z - 15 boomerangs (quivered)
 B - 9 javelins
 C - 5 silver javelins
 F - 10 large rocks
 Z - 4 atropa-tipped darts
Armour
 j - the +1 hat of Gozag's Regard (worn) {rC+}
   (You acquired it on level 5 of the Dungeon)

   rC:        It protects you from cold.
 o - a +0 cloak (worn)
 t - the +2 robe "Ullosaekh" (worn) {Regen+ Str-3 Int+3 Stlth+}
   (You found it on level 6 of the Dungeon)

   Str:       It affects your strength (-3).
   Int:       It affects your intelligence (+3).
   Regen:     It increases your rate of health regeneration.
   Stlth:     It makes you more stealthy.
 N - a +1 robe of the Archmagi
Jewellery
 d - a +4 ring of protection
 f - the ring of Lady Luck {rC+ MP+9}
   (You found it in a Gauntlet)

   [ring of magical power]

   rC:        It protects you from cold.
   MP:        It affects your magic capacity (+9).
 k - a ring of protection from cold
 H - an amulet of regeneration (around neck)
 K - a ring of poison resistance (left blade hand)
 M - a +6 ring of intelligence
 O - a +5 ring of evasion
 Q - an amulet of magic regeneration
 S - a ring of protection from fire (right blade hand)
 T - an amulet of the acrobat
 U - a +5 ring of evasion
 Y - a +4 ring of protection
Wands
 l - a wand of polymorph (14)
 q - a wand of paralysis (20)
 r - a wand of mindburst (7)
 A - a wand of flame (59)
 E - a wand of quicksilver (11)
 I - a wand of iceblast (2)
 P - a wand of digging (5)
Scrolls
 e - 3 scrolls of enchant armour
 g - a scroll of enchant weapon
 m - 3 scrolls of brand weapon
 s - 5 scrolls of teleportation
 v - 6 scrolls of identify
 D - a scroll of silence
 L - a scroll of fog
 R - 3 scrolls of fear
 V - a scroll of butterflies
Potions
 a - a potion of resistance
 b - 3 potions of lignification
 c - 6 potions of brilliance
 h - 6 potions of curing
 i - 5 potions of flight
 p - 4 potions of magic
 J - a potion of berserk rage
Miscellaneous
 W - a box of beasts
 X - a phial of floods


   Skills:
 - Level 10.0 Fighting
 - Level 5.0 Throwing
 + Level 8.1 Armour
 - Level 10.0 Dodging
 - Level 12.0 Unarmed Combat
 - Level 5.0 Spellcasting
 - Level 10.0 Transmutations
 - Level 11.0 Invocations


You had 12 spell levels left.
You knew the following spells:

 Your Spells              Type           Power      Damage    Failure   Level
a - Beastly Appendage     Tmut           80%        N/A       9%          1
b - Wereblood             Tmut           40%        N/A       10%         2
c - Ice Form              Ice/Tmut       22%        N/A       58%         4
d - Blade Hands           Tmut           20%        N/A       36%         5

Your spell library contained the following spells:

 Spells                   Type           Power      Damage    Failure   Level
 Sting                    Tmut/Pois      88%        1d7       19%         1
 Passwall                 Tmut/Erth      18%        N/A       24%         2
 Spider Form              Tmut/Pois      22%        N/A       32%         3
 Ignite Poison            Fire/Tmut/Pois 16%        N/A       47%         3
 Apportation              Tloc           8%         N/A       52%         1
 Magic Dart               Conj           16%        1d3       52%         1
 Necrotise                Necr           16%        1d4       52%         1
 Sandblast                Erth           8%         2d5       52%         1
 Summon Small Mammal      Summ           16%        N/A       52%         1
 Cigotuvi's Dreadful Rot  Necr/Pois/Air  8%         N/A       63%         2
 Ensorcelled Hibernation  Hex/Ice        8%         N/A       63%         2
 Searing Ray              Conj           8%         2d4       63%         2
 Confusing Touch          Hex            4%         N/A       78%         3
 Dazzling Flash           Conj/Hex       8%         N/A       78%         3
 Hailstorm                Conj/Ice       4%         3d4       78%         3
 Stone Arrow              Conj/Erth      8%         3d7       78%         3
 Tukima's Dance           Hex            4%         N/A       78%         3
 Irradiate                Conj/Tmut      11%        3d15      83%         5
 Yara's Violent Unravell  Hex/Tmut       11%        3d6       83%         5
 Anguish                  Hex/Necr       2%         N/A       98%         4
 Cause Fear               Hex            2%         N/A       98%         4
 Dispel Undead            Necr           4%         3d7       98%         4
 Fulminant Prism          Conj/Hex       2%         3d5       98%         4
 Passage of Golubria      Tloc           4%         N/A       98%         4
 Dragon Form              Tmut           20%        N/A       99%         7
 Agony                    Necr           4%         N/A       100%        5
 Fireball                 Conj/Fire      2%         3d4       100%        5
 Iskenderun's Battlesphe  Conj           4%         2d6       100%        5
 Silence                  Hex/Air        2%         N/A       100%        5
 Summon Mana Viper        Hex/Summ       4%         N/A       100%        5
 Conjure Ball Lightning   Conj/Air       2%         3x3d6     100%        6
 Death Channel            Necr           2%         N/A       100%        6
 Orb of Destruction       Conj           2%         9d5       100%        7
 Storm Form               Tmut/Air       11%        N/A       100%        7


Dungeon Overview and Level Annotations

Branches:
Dungeon (13/15)            Temple (1/1) D:6            Lair (5/5) D:9
 Shoals (0/4) Lair:3        Snake (2/4) Lair:2        Slime (0/5) Lair:5
    Orc (2/2) D:11            Elf (0/3) Orc:2        Vaults (0/5) D:13
  IceCv (visited)         Gauntlet (visited)

Altars:
Ashenzari
Cheibriados
Dithmenos
Elyvilon
Fedhas
Gozag
Hepliaklqana
Kikubaaqudgha
Makhleb
Nemelex Xobeh
Okawaru
Qazlal
Ru
Sif Muna
Trog
Uskayaw
Vehumet
Wu Jian
Xom
Yredelemnul
Zin
The Shining One
Jiyva

Shops:
D:1 :*[   D:3 !   D:10 [   Orc:2 (=!**   Snake:2 (

Portals:
Pandemonium: Orc:2
Trove: D:11 (give 6 scrolls of fog)

Annotations:
D:4 3 runed translucent doors, ripuliukko's ghost, weakling DEEE
Lair:5 exclusion: oklob plant


Innate Abilities, Weirdness & Mutations

You have blades for hands.
Your spellcasting is less reliable in this form.
You are incapable of wielding weapons or throwing items.
You are too large for most types of armour.
You have claws for hands.
Your natural rate of healing is unusually fast.
You are covered in fur. (AC +1)
You have tough skin. (AC +1)


Message History

The salamander tyrant barely misses you.
The naga sharpshooter casts a spell.
The naga sharpshooter magically shoots an arrow.
The arrow hits you!
* * * LOW HITPOINT WARNING * * *
Unknown command.
You hit the salamander tyrant but do no damage.
The salamander tyrant is severely wounded.
The salamander hits you from afar with a +2 glaive!
* * * LOW HITPOINT WARNING * * *
You are engulfed in flames!
You resist. The Shining One protects you from harm!
Unknown command.
You feel much better.
The naga sharpshooter shoots an arrow.
The arrow hits you!
* * * LOW HITPOINT WARNING * * *
The salamander tyrant hits you but does no damage.
The salamander mystic gestures at you while chanting.
The lance of force misses you.
Activating: Cleansing Flame (2% risk of failure)
Press: ? - help, Dir - look around, f - activate The golden flame engulfs you but does no damage.
You resist.
The golden flame engulfs the salamander tyrant!!
The salamander tyrant is almost dead.
The golden flame engulfs the salamander mystic!!
The salamander mystic is heavily wounded.
The golden flame engulfs the naga sharpshooter!!
The naga sharpshooter is moderately wounded.
The golden flame engulfs the salamander!!
The salamander is moderately wounded.
You hear an angry hiss.
You hear a shout!
You hear an angry hiss.
The salamander hits you from afar with a +2 glaive!
* * * LOW HITPOINT WARNING * * *
You are engulfed in flames!
You resist.
* * * LOW HITPOINT WARNING * * *
The naga sharpshooter mumbles some strange words.
The naga sharpshooter magically shoots an arrow.
The arrow hits you.
You die...

#...# ...... .....
..... #....# N...
#.....# ... ##.
#......## N. #...
........###N##....
..........#N#.....
.......}).@.......
........#.NN...#..
.......##.........
..................
..................
...........##.....
...........# .....
..........## .....
........# ...


You could see 2 naga sharpshooters, a salamander tyrant, a salamander mystic and
2 salamanders.

Vanquished Creatures
  Vashnia (Snake:2)
  Gastronok (Lair:2)
  A minotaur (Gauntlet)
  Snorg (D:12)
  Josephine (D:13)
  An ettin (Orc:2)
  A vault guard (D:13)
  An ogre mage (Orc:2)
  5 catoblepae
  2 boulder beetles
  5 hydras
  2 demonspawn (Orc:2)
  2 centaur warriors (D:13)
  3 anacondas (Snake:1)
  An ice dragon (IceCv)
  The ghost of porada001 the Cleaver, a novice HOFi of Dithmenos (D:9)
  7 two-headed ogres
  A dancing weapon (D:7)
  2 tengu warriors (D:13)
  19 death yaks
  4 orc high priests
  3 naga warriors (Snake:1)
  2 skysharks
  A naga sharpshooter (Snake:1)
  A naga ritualist (Snake:1)
  A deep elf pyromancer (D:12)
  2 mana vipers (Snake:1)
  8 orc sorcerers (Orc:2)
  4 orc knights (Orc:2)
  3 salamanders
  6 manticores
  The ghost of GordonOverkill the Conjurer, a novice GrCj (D:7)
  3 cyclopes (D:13)
  A moth of wrath (Gauntlet)
  6 elephants (Lair:4)
  13 black mambas
  Maggie (D:8)
  2 ice statues (IceCv)
  2 torpor snails
  3 naga magi
  Joseph (D:7)
  An orange demon (Orc:2)
  2 unseen horrors
  6 rime drakes
  11 cane toads
  5 komodo dragons
  The ghost of jaiteiro the Digger, a novice OpEE of Vehumet (D:5)
  A kobold demonologist (D:13)
  2 ice devils (Orc:2)
  A guardian mummy (D:11)
  2 polar bears
  A hornet (D:13)
  3 trolls
  A hellwing (Orc:2)
  3 meliai (Gauntlet)
  A wind drake (Lair:3)
  Prince Ribbit (D:8)
  28 blink frogs
  9 dream sheep
  A vampire (D:12)
  8 slime creatures
  2 spriggans (Lair:4)
  7 shadows
  4 wyverns
  2 basilisks (Lair:2)
  6 wraiths
  60 yaks
  A steam dragon (Lair:2)
  4 wargs
  10 nagas
  An acid dragon (D:11)
  Duvessa (D:7)
  9 water moccasins
  A sky beast (D:7)
  33 orc warriors
  3 black bears
  8 ogres
  21 wolves
  8 centaurs
  3 phantoms (D:5)
  5 kobold brigands
  3 gnoll sergeants (D:5)
  10 bullfrogs
  A scorpion (D:6)
  10 wights
  Dowan (D:7)
  A lindwurm simulacrum (IceCv)
  10 killer bees
  5 howler monkeys
  2 electric eels
  14 jellies
  5 komodo dragon simulacra (IceCv)
  26 orc priests
  3 gnoll boudas
  A hound (D:6)
  2 sleepcaps (D:6)
  Terence (D:2)
  5 hell rats (Lair:5)
  31 orc wizards
  4 iguanas
  A scorpion zombie (D:4)
  13 gnolls
  10 acid dragon simulacra (IceCv)
  6 adders
  14 white imps
  5 steam dragon simulacra (IceCv)
  An ufetubus (D:6)
  An adder zombie (D:4)
  5 dart slugs
  82 orcs
  4 endoplasms
  A giant cockroach (D:3)
  7 goblins
  8 hobgoblins
  19 kobolds
  2 quokkas
  7 ball pythons
  7 bats
  A frilled lizard (D:2)
  2 rats (D:1)
734 creatures vanquished.

Vanquished Creatures (others)
  An orc wizard (Orc:2)
  A kobold (D:8)
2 creatures vanquished.

Grand Total: 736 creatures vanquished

Notes
Turn   | Place    | Note
-------+----------+-------------------------------------------
     0 | D:1      | 2tc the Troll Transmuter began the quest for the Orb.
     0 | D:1      | Reached XP level 1. HP: 18/18 MP: 1/1
   178 | D:1      | Reached XP level 2. HP: 26/26 MP: 2/2
   186 | D:1      | Found Amiebil's Armour Shoppe.
   308 | D:1      | Found Syaharonuo's Book Emporium.
   457 | D:1      | Found Sushraj's Assorted Antiques.
   518 | D:1      | Reached skill level 4 in Unarmed Combat
   785 | D:2      | Reached XP level 3. HP: 27/32 MP: 3/3
   918 | D:2      | Noticed Terence
   939 | D:2      | Killed Terence
   940 | D:2      | Reached XP level 4. HP: 10/40 MP: 2/4
   943 | D:2      | Identified the +0 robe of Servitude {rF+ Slay+2 Archmagi}
  1048 | D:2      | Reached skill level 5 in Unarmed Combat
  1076 | D:2      | Found a faded altar of an unknown god.
  1456 | D:3      | You fall into a shaft and drop 3 floors!
  1478 | D:6      | Reached XP level 5. HP: 28/46 MP: 5/5
  1519 | D:5      | Entered Level 5 of the Dungeon
  1533 | D:5      | Reached skill level 6 in Unarmed Combat
  1594 | D:5      | Noticed a water moccasin
  1602 | D:5      | Killed a water moccasin
  1603 | D:5      | Reached skill level 7 in Unarmed Combat
  1603 | D:5      | Reached XP level 6. HP: 35/54 MP: 6/6
  1633 | D:5      | Identified a scroll of acquirement
  1633 | D:5      | Acquired the +1 hat of Gozag's Regard {rC+}
  1982 | D:4      | Reached skill level 8 in Unarmed Combat
  2080 | D:4      | Reached XP level 7. HP: 61/61 MP: 7/7
  2084 | D:4      | Learned a level 2 spell: Wereblood
  2503 | D:4      | Found a runed translucent gate.
  2503 | D:4      | Found a runed translucent gate.
  2503 | D:4      | Found a runed translucent gate.
  2503 | D:4      | Noticed ripuliukko's ghost (weakling DEEE)
  2505 | D:4      | Found a basalt altar of Yredelemnul.
  2938 | D:3      | Found War Veol's Distillery.
  3023 | D:3      | Bought a potion of degeneration for 14 gold pieces
  3954 | D:5      | Noticed jaiteiro's ghost (novice OpEE)
  4047 | D:5      | Found a transporter.
  4047 | D:5      | Found a transporter.
  4072 | D:5      | Identified the +1 ring mail "Ybyippee" {rElec}
  4154 | D:5      | Reached XP level 8. HP: 68/68 MP: 6/8
  4434 | D:6      | Reached skill level 5 in Transmutations
  4487 | D:6      | Found a staircase to the Ecumenical Temple.
  4532 | Temple   | Entered the Ecumenical Temple
  4650 | Temple   | Became a worshipper of the Shining One
  5013 | D:6      | Identified the +2 robe "Ullosaekh" {Regen+ Str-3 Int+3
                  | Stlth+}
  5711 | D:7      | Reached skill level 9 in Unarmed Combat
  5906 | D:7      | Found a runed translucent door.
  5906 | D:7      | Found a shimmering altar of Xom.
  5906 | D:7      | Noticed GordonOverkill's ghost (novice GrCj)
  5906 | D:7      | Noticed a +4 falchion of chaos
  5980 | D:7      | Noticed Duvessa
  5980 | D:7      | Noticed Dowan
  5996 | D:7      | Killed Duvessa
  6005 | D:7      | Killed Dowan
  6006 | D:7      | Reached skill level 10 in Unarmed Combat
  6207 | D:7      | Reached XP level 9. HP: 71/75 MP: 11/11
  6319 | D:7      | Noticed Joseph
  6511 | D:8      | Noticed Maggie
  6527 | D:8      | Killed Maggie
  6528 | D:8      | Reached skill level 11 in Unarmed Combat
  6905 | D:8      | Reached skill level 12 in Unarmed Combat
  7105 | D:8      | Noticed Prince Ribbit
  7127 | D:8      | Killed Prince Ribbit
  7516 | D:9      | Found a snail-covered altar of Cheibriados.
  7864 | D:9      | Reached XP level 10. HP: 83/83 MP: 12/12
  7901 | D:9      | Found a runed translucent gate.
  7902 | D:9      | Found a runed translucent gate.
  7902 | D:9      | Noticed porada001's ghost (novice HOFi)
  7902 | D:9      | Reached * piety under the Shining One
  7902 | D:9      | Noticed a nine-headed hydra
  7902 | D:9      | Noticed a ten-headed hydra
  7903 | D:9      | Found a runed translucent gate.
  7946 | D:9      | Found a staircase to the Lair.
  8264 | D:10     | Entered Level 10 of the Dungeon
  8297 | D:10     | Noticed a two-headed ogre
  8303 | D:10     | Killed a two-headed ogre
  8432 | D:10     | Learned a level 4 spell: Ice Form
  8633 | D:10     | Found Nuugugre's Armour Boutique.
  8801 | D:11     | Reached ** piety under the Shining One
  8830 | D:11     | Noticed a harpy
  8860 | D:11     | Noticed a two-headed ogre
  8870 | D:11     | Killed a two-headed ogre
  8871 | D:11     | Reached XP level 11. HP: 59/89 MP: 11/13
  8957 | D:11     | Noticed a boulder beetle
  8970 | D:11     | Reached skill level 1 in Throwing
  9024 | D:11     | Killed a boulder beetle
  9071 | D:11     | Found a staircase to the Orcish Mines.
  9176 | D:11     | Found a portal to a secret trove of treasure.
  9187 | D:11     | Reached skill level 10 in Transmutations
  9501 | D:12     | Reached skill level 5 in Throwing
  9503 | D:12     | Reached skill level 1 in Fighting
  9527 | D:12     | Noticed a two-headed ogre
  9547 | D:12     | Killed a two-headed ogre
  9694 | D:12     | Noticed a two-headed ogre
  9722 | D:12     | Killed a two-headed ogre
  9840 | D:12     | Noticed Snorg
  9859 | D:12     | Killed Snorg
  9861 | D:12     | Reached skill level 5 in Fighting
  9895 | D:12     | Noticed a deep elf pyromancer
  9909 | D:12     | Killed a deep elf pyromancer
  9910 | D:12     | Reached skill level 1 in Armour
 10191 | Lair:1   | Entered Level 1 of the Lair of Beasts
 10191 | Lair:1   | Reached *** piety under the Shining One
 10231 | Lair:1   | Reached XP level 12. HP: 57/111 MP: 14/14
 10261 | Lair:1   | Found a frozen archway.
 10276 | Lair:1   | Reached **** piety under the Shining One
 10289 | IceCv    | Entered an ice cave
 10467 | IceCv    | Noticed an ice dragon
 10483 | IceCv    | Killed an ice dragon
 10660 | IceCv    | Reached ***** piety under the Shining One
 10823 | Lair:1   | Reached skill level 5 in Armour
 11350 | Lair:2   | Reached skill level 5 in Dodging
 11376 | Lair:2   | Reached skill level 1 in Invocations
 11552 | Lair:2   | Found a staircase to the Snake Pit.
 11850 | Lair:2   | Noticed Gastronok
 11867 | Lair:2   | Killed Gastronok
 11868 | Lair:2   | Reached skill level 5 in Invocations
 11876 | Lair:2   | Identified the +8 sling of Pain and Death {elec, rPois
                  | Will+}
 12849 | Lair:3   | Found a staircase to the Shoals.
 12924 | Lair:3   | Noticed a six-headed hydra
 12950 | Lair:3   | Killed a six-headed hydra
 12951 | Lair:3   | Reached XP level 13. HP: 118/118 MP: 10/16
 14388 | Lair:4   | Reached skill level 10 in Dodging
 14999 | Lair:5   | Entered Level 5 of the Lair of Beasts
 15370 | Lair:5   | Reached XP level 14. HP: 112/133 MP: 17/17
 15952 | Lair:5   | Reached ****** piety under the Shining One
 16009 | Lair:5   | Found a staircase to the Slime Pits.
 16011 | Lair:5   | Found a viscous altar of Jiyva.
 17010 | D:9      | Killed porada001's ghost
 17017 | D:9      | HP: 6/169 [ten-headed hydra (3)]
 17024 | D:9      | HP: 2/253 [nine-headed hydra (15)]
 17068 | D:9      | Identified the +9 scimitar of Qyofag {antimagic, rC+
                  | Stlth+}
 17271 | D:7      | Reached skill level 10 in Fighting
 17275 | D:7      | Killed GordonOverkill's ghost
 17311 | D:7      | Killed Joseph
 17628 | D:13     | Found a gate leading to a gauntlet.
 17647 | Gauntlet | Entered a Gauntlet
 17647 | Gauntlet | Found a transporter.
 17654 | Gauntlet | Found a transporter.
 17656 | Gauntlet | Found a transporter.
 17682 | Gauntlet | Found a transporter.
 17699 | Gauntlet | Found a transporter.
 17702 | Gauntlet | Found a transporter.
 17711 | Gauntlet | Found a transporter.
 17726 | Gauntlet | Found a transporter.
 17736 | Gauntlet | Found a transporter.
 17746 | Gauntlet | Found a transporter.
 17763 | Gauntlet | Found a transporter.
 17763 | Gauntlet | Found a runed translucent door.
 17771 | Gauntlet | Found a transporter.
 17820 | Gauntlet | Found a transporter.
 17820 | Gauntlet | Found a transporter.
 18072 | Gauntlet | Got Sif Muna's Cyclopedia of Mercurial Hoarfrost
 18096 | Gauntlet | Identified the ring of Lady Luck {rC+ MP+9}
 18186 | Gauntlet | Identified the +3 trident of Gluttony {drain, rElec Str+6}
 18188 | Gauntlet | Found the +7 Spriggan's Knife {stab, EV+4 Stlth+}
 18241 | Gauntlet | Got Tyjixus's Elucidation of the Curse
 18251 | Gauntlet | Learned a level 5 spell: Blade Hands
 18398 | D:13     | Noticed Josephine
 18407 | D:13     | Killed Josephine
 18460 | D:13     | Reached XP level 15. HP: 115/149 MP: 16/21
 18539 | D:13     | Reached skill level 10 in Invocations
 18676 | D:13     | Found a gate to the Vaults.
 19064 | Orc:1    | Entered Level 1 of the Orcish Mines
 19138 | Orc:1    | Found an iron altar of Okawaru.
 19326 | Orc:2    | Entered Level 2 of the Orcish Mines
 19419 | Orc:2    | Found Baklidi's Distillery.
 19706 | Orc:2    | Found Feutodok's General Store.
 19710 | Orc:2    | Found Pore's General Store.
 20108 | Orc:2    | Found a staircase to the Elven Halls.
 20421 | Orc:2    | Reached skill level 5 in Spellcasting
 20464 | Orc:2    | Found Owkeroch's Jewellery Shoppe.
 20464 | Orc:2    | Found Xikekine's Antique Weapon Emporium.
 20465 | Orc:2    | Found a one-way gate leading to the halls of Pandemonium.
 20816 | Snake:1  | Entered Level 1 of the Snake Pit
 21005 | D:5      | Killed jaiteiro's ghost
 22933 | Snake:2  | Found Rucyitiw's Weapon Emporium.
 23053 | Snake:2  | Noticed Vashnia
 23073 | Snake:2  | Killed Vashnia
 23080 | Snake:2  | HP: 7/149 [salamander/+2 glaive (15)]
 23080 | Snake:2  | The Shining One protects you from harm!
 23082 | Snake:2  | Shot with an arrow by a naga sharpshooter

Illustrated notes

Levels and vault maps discovered:
D:1:      dpeg_arrival_pond, layout_loops_cross, serial_shops,
          nicolae_shop_rolling_square, shop_statue, nicolae_shop_crystal
D:2:      layout_loops_ring, basic_ecumenical_altar, uniq_terence
D:3:      layout_basic, serial_shops, shop
D:4:      layout_loops_corners, nicolae_yredelemnul_ghost_church,
          minmay_goblin_outpost
D:5:      layout_loops_ring, gammafunk_ghost_gnarly_gnolls, st_stairs_2,
          chequers_serial_rivers_small_b, dk_vineyard_2, uniq_blork_the_orc
D:6:      layout_basic, minmay_temple_entry_hall
D:7:      layout_loops_cross, ebering_ghost_xom, uniq_joseph, uniq_duvessa
D:8:      layout_basic, amcnicky_mini_corridor_feature, minmay_crossroads,
          uniq_prince_ribbit1, uniq_maggie
D:9:      layout_loops_corners, mainiacjoe_overflow_paths, lair_entry_dummy,
          gammafunk_ghost_hydra_chop
D:10:     layout_rooms, serial_shops, shop, minmay_fractal_squares_5
D:11:     cheibrodos_helix_gallery, layout_rooms,
          nicolae_trove_entry_path_of_doom, wad_dig_loot
D:12:     layout_rooms, uniq_snorg
D:13:     layout_long_grid, david_vaults_5, gauntlet_entry_generic,
          chequers_jeans, uniq_josephine
Temple:   mainiacjoe_temple_cubbyholes
Lair:1:   layout_misc_corridors, portal_ice_cave_entry_imps,
          infiniplex_staircase_pool, grunt_megastairs_4
Lair:2:   layout_cave_pods, minmay_snake_entry_guardpost_small,
          serial_bayou_shore_a, uniq_gastronok
Lair:3:   layout_gridlike, minmay_shoals_entry_beasts
Lair:4:   layout_cave_pods, forest_entry_grove
Lair:5:   evilmike_catoblepas_cave, layout_cave_shapes,
          minmay_slime_entry_jelly_boxes, patterned_corridor,
          serial_bayou_shore_b
Snake:1:  layout_onion_interference, nicolae_snake_gridmaze_waves
Snake:2:  layout_grid_shapes, serial_shops, nicolae_diamond_shop, shop,
          nicolae_snake_squiggles, uniq_vashnia
Orc:1:    layout_caves, serial_shops, nicolae_shop_statue_plus,
          okawaru_metal_pillars_1_2
Orc:2:    pf_orc_diabolical, layout_caves, serial_shops, shop

Skill      XL: |  1  2  3  4  5  6  7  8  9 10 11 12 13 14 15 |
---------------+----------------------------------------------+-----
Unarmed Combat | 4 5 7 8 10 12 | 12.0
Transmutations | 4 5 6 9 10 | 10.0
Spellcasting   | 2 5 |  5.0
Throwing       | 5 |  5.0
Fighting       | 5 7 10 | 10.0
Armour         | 2 5 8 |  8.1
Dodging        | 2 6 10 | 10.0
Invocations    | 6 9 11 | 11.0

Action                     |  1- 3 |  4- 6 |  7- 9 | 10-12 | 13-15 || total
---------------------------+-------+-------+-------+-------+-------++-------
  Melee: Unarmed           |    62 |   136 |   310 |   477 |  1129 ||  2114
         Punch             |     1 |     3 |    16 |    26 |    65 ||   111
         Kick              |     4 |     4 |    30 |    79 |    44 ||   161
         Headbutt          |     4 |     2 |    17 |    48 |    30 ||   101
  Throw: Stone             |       |       |       |     9 |       ||     9
         Dart              |       |       |       |    27 |       ||    27
         Boomerang         |       |       |       |       |    22 ||    22
   Cast: Beastly Appendage |     1 |     4 |    23 |    27 |    10 ||    65
         Wereblood         |       |       |     1 |    19 |    40 ||    60
         Ice Form          |       |       |       |    15 |    40 ||    55
         Blade Hands       |       |       |       |       |    28 ||    28
 Invoke: Cleansing Flame   |       |       |       |       |     1 ||     1
Ability: End Transformatio |       |       |       |       |     3 ||     3
  Evoke: Wand              |       |       |       |    23 |     8 ||    31
         Box of beasts     |       |       |       |     1 |     1 ||     2
    Use: Scroll            |     4 |     6 |     8 |    10 |     3 ||    31
         Potion            |       |       |     3 |     3 |     7 ||    13
   Stab: Sleeping          |       |     1 |     1 |       |       ||     2
 Armour: Robe              |    20 |    51 |   112 |    83 |   155 ||   421
         Skin              |       |       |       |    32 |    73 ||   105
  Dodge: Dodged            |    27 |    60 |   140 |   193 |   622 ||  1042
